Map: [ESL] Ghost River

Players

trigger

  • Race: Protoss Protoss
  • League: Master
  • Spawn Location: 1:00

DieMauer (ShoWTimE) - Winner!

  • Race: Protoss Protoss
  • League: Grandmaster
  • Spawn Location: 11:00

Event: Bellum Gens Elite Stara Zagora 2024

VOD

Have the link to the VOD?

Description

Time

  • Played on: Sept. 6, 2024, 7:06 a.m.
  • Length: 22:43

All games in this series

Show
View Real Time Build Order
Export as new Build Order

trigger Protoss 

Build Orders: Phoenix Opening, Blink Stalkers, Chargelot Immortal 

Get SALT Encoding   

  12  0:00  Probe  
  13  0:12  Probe  
  14  0:16  Pylon  
  14  0:24  Probe (Chrono Boost)  
  16  0:36  Gateway, Probe (Chrono Boost)  
  16  0:43  Probe (Chrono Boost)  
  16  0:46  Assimilator  
  17  0:50  Probe  
  18  1:03  Probe (Chrono Boost)  
  18  1:04  Assimilator  
  19  1:09  Gateway  
  19  1:13  Probe (Chrono Boost)  
  19  1:18  Probe (Chrono Boost)  
  20  1:24  Cybernetics Core  
  21  1:29  Probe  
  22  1:34  Pylon  
  22  1:41  Probe  
  23  1:53  Probe  
  24  2:00  Stalker x2  
  28  2:02  Warp Gate  
  28  2:15  Shield Battery  
  28  2:30  Stalker  
  28  2:37  Nexus  
  30  2:43  Pylon  
  30  2:47  Probe  
  31  3:01  Sentry x2, Probe  
  36  3:07  Twilight Council  
  36  3:13  Probe  
  37  3:25  Probe  
  38  3:34  Phoenix  
  38  3:36  Blink (Chrono Boost)  
  38  3:38  Probe (Chrono Boost)  
  39  3:49  Probe (Chrono Boost)  
  39  3:50  Adept x2  
  45  3:56  Probe (Chrono Boost)  
  45  3:58  Probe (Chrono Boost)  
  47  4:02  Probe (Chrono Boost)  
  47  4:03  Probe (Chrono Boost)  
  47  4:07  Pylon  
  48  4:11  Stalker x2  
  48  4:14  Probe  
  48  4:15  Probe  
  54  4:27  Probe  
  54  4:30  Nexus  
  55  4:33  Probe  
  56  4:39  Stalker  
  56  4:42  Stalker  
  56  4:45  Pylon  
  60  4:48  Probe  
  61  4:56  Probe  
  62  5:03  Probe  
  62  5:05  Assimilator  
  62  5:07  Phoenix  
  63  5:08  Probe  
  64  5:15  Probe  
  64  5:17  Stalker x2  
  64  5:21  Probe  
  68  5:22  Phoenix  
  68  5:23  Forge  
  68  5:25  Robotics Facility  
  68  5:27  Probe  
  69  5:31  Pylon  
  69  5:33  Probe  
  70  5:38  Pylon  
  70  5:40  Shield Battery  
  71  5:43  Probe (Chrono Boost)  
  71  5:45  Stalker x2  
  71  5:48  Pylon  
  75  5:50  Probe (Chrono Boost)  
  75  5:56  Probe x2 (Chrono Boost), Protoss Ground Weapons Level 1 (Chrono Boost)  
  78  6:00  Probe (Chrono Boost)  
  78  6:04  Probe (Chrono Boost)  
  80  6:05  Gateway, Probe (Chrono Boost)  
  80  6:06  Gateway, Probe (Chrono Boost)  
  80  6:08  Charge  
  82  6:12  Observer  
  82  6:18  Probe (Chrono Boost), Phoenix  
  86  6:19  Probe (Chrono Boost)  
  86  6:22  Probe (Chrono Boost), Pylon  
  86  6:26  Gateway  
  86  6:27  Gateway  
  86  6:31  Gateway  
  86  6:33  Gateway  
  86  6:37  Immortal  
  90  6:40  Zealot  
  90  6:42  Zealot  
  90  6:47  Pylon  
  94  6:51  Probe  
  95  7:03  Zealot x4  
  103  7:08  Templar Archives  
  101  7:16  Warp Prism  
  103  7:23  Pylon  
  103  7:24  Stalker x6  
  103  7:26  Pylon  
  103  7:27  Pylon  
  107  7:47  Stalker x7  
  107  7:48  Stalker  
  123  7:56  Pylon  
  123  8:02  Pylon  
  123  8:14  Zealot x8  
  123  8:19  Protoss Ground Weapons Level 2 (Chrono Boost)  
  139  8:23  Immortal (Chrono Boost)  
  139  8:42  Zealot x8  
  155  8:55  Robotics Facility  
  155  8:58  Observer  
  155  8:59  Assimilator, Immortal (Chrono Boost)  
  155  9:08  Nexus  
  153  9:36  Immortal (Chrono Boost)  
  151  9:40  Photon Cannon  
  151  9:42  Immortal (Chrono Boost)  
  151  9:43  Stalker x5  
  165  9:52  Pylon  
  165  9:54  Pylon  
  165  10:09  Immortal (Chrono Boost)  
  165  10:10  Immortal (Chrono Boost)  
  171  10:18  Stalker x4, Photon Cannon  
  171  10:19  Stalker  
  181  10:27  Zealot x2  
  185  10:29  Zealot  
  181  10:42  Immortal (Chrono Boost)  
  143  10:51  Warp Prism (Chrono Boost)  
  143  10:56  Protoss Ground Weapons Level 3 (Chrono Boost)  
  107  11:04  Probe x4  
  111  11:12  Sentry  
  111  11:16  Probe x2  
  111  11:17  Shield Battery  
  115  11:18  Probe  
  115  11:19  Probe  
  115  11:20  Immortal (Chrono Boost)  
  115  11:22  Zealot x7  
  115  11:23  Immortal (Chrono Boost)  
  139  11:36  Stalker  
  141  11:45  Pylon  
  141  11:47  Sentry  
  141  11:51  Zealot x2  
  141  11:52  Zealot x4, Immortal (Chrono Boost)  
  163  11:55  Immortal (Chrono Boost)  
  163  11:58  Observer  
  163  12:00  Stalker  
  165  12:11  Immortal (Chrono Boost)  
  165  12:13  Zealot x4  
  177  12:16  Immortal  
  181  12:30  Zealot x4  
  181  12:33  Zealot x3  
  177  12:49  Immortal  
  177  12:50  Zealot x4  
  177  12:51  Zealot  
  141  12:56  Immortal (Chrono Boost)  
  129  13:02  Stalker x3  
  109  13:17  Zealot x4  
  109  13:18  Zealot  
  119  13:25  Sentry  
  119  13:26  Sentry  
  123  13:33  Assimilator, Immortal (Chrono Boost)  
  131  13:34  Stalker  
  131  13:35  Assimilator, Immortal (Chrono Boost)  
  131  13:38  Stalker x3  
  139  13:44  Stalker x2  
  143  13:53  Nexus  
  143  13:57  Pylon  
  147  14:03  Immortal (Chrono Boost)  
  147  14:09  Immortal (Chrono Boost)  
  151  14:22  Zealot  
  151  14:23  Zealot x5  
  163  14:29  Zealot x2  
  167  14:34  Shield Battery  
  167  14:37  Protoss Ground Armor Level 1 (Chrono Boost), Robotics Bay  
  167  14:49  Stalker x3  
  173  14:53  Observer  
  164  15:10  Observer (Chrono Boost)  
  164  15:12  Stalker x4  
  164  15:13  Stalker x3  
  179  15:17  Photon Cannon  
  179  15:18  Stalker  
  181  15:22  Observer (Chrono Boost)  
  186  15:34  Disruptor (Chrono Boost)  
  184  15:36  Disruptor (Chrono Boost)  
  172  15:59  Assimilator  
  172  16:01  Assimilator, Zealot x8  
  172  16:03  Disruptor  
  187  16:17  Gravitic Boosters (Chrono Boost)  
  178  16:18  Observer  
  173  16:29  Stalker x5  
  173  16:30  Stalker x3  
  188  16:38  Probe  
  175  16:44  Probe (Chrono Boost)  
  175  16:45  Disruptor  
  176  16:48  Probe (Chrono Boost), Photon Cannon  
  176  16:49  Probe x2 (Chrono Boost)  
  176  16:50  Probe (Chrono Boost)  
  180  16:56  Probe (Chrono Boost)  
  180  16:59  Probe x4 (Chrono Boost), Photon Cannon  
  185  17:01  Probe (Chrono Boost)  
  185  17:03  Probe x2 (Chrono Boost)  
  185  17:04  Probe x2 (Chrono Boost)  
  180  17:14  Zealot x5  
  190  17:21  Probe  
  190  17:22  Probe  
  188  17:23  Stalker x2  
  188  17:29  Zealot  
  194  17:34  Pylon  
  194  17:35  Zealot x3  
  200  17:45  Photon Cannon  
  200  17:46  Photon Cannon  
  200  17:47  Photon Cannon  
  192  17:52  Disruptor  
  192  17:54  Disruptor  
  186  18:26  Observer x2  
  186  18:27  Zealot x7  
  197  18:46  Nexus, Pylon  
  193  18:50  Zealot x3  
  194  19:01  Zealot x5  
  185  19:14  Zealot x3, Disruptor  
  180  19:29  Zealot x4  
  180  19:36  Probe x2  
  180  19:37  Probe x2  
  154  19:48  Probe x2  
  154  19:49  Probe x2  
  154  19:50  Disruptor  
  136  19:55  Zealot  
  136  19:56  Zealot x7  
  144  20:00  Probe x2  
  144  20:01  Probe x2  
  144  20:06  Probe  
  147  20:12  Probe  
  147  20:13  Probe  
  149  20:20  Zealot x8  
  159  20:24  Disruptor (Chrono Boost)  
  151  20:43  Stalker x5  
  151  20:44  Stalker  
  151  20:46  Zealot  
  151  20:48  Zealot x8  
  78  21:17  Observer  
  78  21:18  Probe x5  
  75  21:26  Templar Archives  
  75  21:30  Probe x3  
  75  21:31  Stalker x4, Pylon  
  86  21:36  Disruptor (Chrono Boost)  
  86  21:43  Stalker  
  91  21:58  Zealot x6  
  64  22:19  Zealot x6  
  74  22:24  Gateway  
  74  22:26  Gateway  
Show
View Real Time Build Order
Export as new Build Order

DieMauer Protoss - Winner!

Build Orders: Phoenix Opening, Blink Stalkers 

Get SALT Encoding   

  12  0:00  Probe  
  13  0:12  Probe  
  14  0:17  Pylon  
  14  0:24  Probe (Chrono Boost)  
  15  0:35  Gateway  
  15  0:36  Probe (Chrono Boost)  
  16  0:44  Probe (Chrono Boost)  
  16  0:45  Assimilator  
  17  0:50  Probe  
  18  1:03  Probe (Chrono Boost)  
  18  1:04  Assimilator  
  19  1:08  Gateway  
  19  1:13  Probe (Chrono Boost)  
  19  1:18  Probe (Chrono Boost)  
  20  1:24  Cybernetics Core  
  21  1:29  Probe  
  22  1:36  Pylon  
  22  1:41  Probe  
  23  1:54  Probe  
  23  2:00  Stalker x2  
  23  2:01  Warp Gate  
  28  2:15  Pylon  
  28  2:19  Probe  
  29  2:32  Sentry  
  30  2:37  Sentry  
  32  2:44  Nexus  
  32  2:48  Probe  
  33  2:54  Shield Battery  
  33  3:03  Phoenix  
  33  3:04  Twilight Council  
  33  3:06  Probe  
  34  3:21  Sentry  
  34  3:23  Probe  
  34  3:24  Pylon  
  37  3:35  Probe  
  37  3:36  Blink (Chrono Boost)  
  38  3:48  Probe (Chrono Boost)  
  39  3:57  Probe (Chrono Boost)  
  39  3:58  Stalker  
  39  4:00  Stalker  
  45  4:03  Phoenix  
  45  4:05  Probe (Chrono Boost)  
  45  4:06  Probe (Chrono Boost)  
  46  4:11  Probe x2 (Chrono Boost)  
  48  4:23  Stalker x2, Probe x2  
  54  4:34  Pylon  
  54  4:35  Probe x2  
  56  4:47  Probe x2  
  56  4:48  Nexus  
  58  4:56  Stalker x2  
  62  5:00  Pylon  
  62  5:03  Probe x2  
  64  5:12  Phoenix  
  63  5:15  Probe  
  63  5:17  Robotics Facility, Probe  
  63  5:18  Phoenix  
  63  5:21  Stalker  
  66  5:27  Assimilator, Probe  
  67  5:28  Stalker  
  67  5:30  Probe (Chrono Boost)  
  70  5:36  Forge  
  72  5:43  Probe (Chrono Boost)  
  72  5:45  Probe (Chrono Boost)  
  72  5:50  Probe (Chrono Boost)  
  72  5:53  Gateway, Probe (Chrono Boost)  
  72  5:55  Gateway  
  74  5:59  Probe (Chrono Boost)  
  74  6:00  Shield Battery  
  74  6:04  Probe (Chrono Boost)  
  77  6:06  Protoss Ground Weapons Level 1 (Chrono Boost)  
  77  6:09  Probe (Chrono Boost), Phoenix  
  78  6:13  Probe (Chrono Boost)  
  78  6:14  Probe (Chrono Boost)  
  78  6:18  Observer, Pylon  
  81  6:21  Probe (Chrono Boost)  
  81  6:22  Assimilator, Stalker, Probe (Chrono Boost)  
  81  6:23  Stalker  
  81  6:24  Probe (Chrono Boost)  
  87  6:27  Probe (Chrono Boost)  
  87  6:29  Probe (Chrono Boost)  
  87  6:30  Probe (Chrono Boost)  
  90  6:35  Observer, Probe  
  92  6:40  Probe  
  92  6:41  Gateway x2  
  92  6:43  Pylon  
  92  6:45  Pylon  
  92  6:46  Probe  
  94  6:49  Charge  
  94  6:51  Stalker x2  
  98  6:57  Pylon  
  98  6:58  Stalker  
  100  7:02  Assimilator, Stalker  
  100  7:05  Probe x2  
  100  7:06  Probe  
  105  7:20  Stalker x2  
  105  7:22  Stalker  
  111  7:27  Shield Battery, Stalker  
  113  7:30  Gateway, Photon Cannon  
  113  7:31  Phoenix, Pylon  
  110  7:45  Stalker x3  
  110  7:46  Stalker x2, Observer  
  120  7:52  Nexus  
  120  7:56  Protoss Ground Weapons Level 2 (Chrono Boost)  
  120  8:00  Stalker  
  122  8:10  Stalker x5  
  132  8:15  Shield Battery  
  132  8:19  Shield Battery  
  131  8:27  Pylon  
  131  8:29  Pylon  
  131  8:31  Pylon  
  131  8:35  Stalker  
  133  8:45  Stalker x4  
  133  8:46  Pylon  
  133  8:47  Stalker x2  
  145  8:55  Pylon  
  145  9:05  Nexus  
  145  9:08  Observer  
  145  9:09  Shield Battery  
  146  9:13  Stalker x4  
  154  9:20  Shield Battery  
  154  9:21  Pylon  
  154  9:23  Stalker  
  148  9:36  Stalker x2  
  148  9:37  Observer  
  152  9:39  Stalker x3  
  152  9:42  Shield Battery  
  152  9:44  Stalker  
  160  9:47  Probe x3  
  160  9:49  Protoss Ground Weapons Level 3 (Chrono Boost)  
  163  9:59  Probe  
  164  10:01  Robotics Bay  
  164  10:05  Stalker x2  
  168  10:13  Stalker x2  
  172  10:18  Probe  
  173  10:23  Stalker x2  
  173  10:24  Zealot, Robotics Facility  
  173  10:26  Probe  
  173  10:27  Probe x2  
  182  10:41  Zealot x4  
  171  10:49  Zealot x3  
  118  10:59  Disruptor (Chrono Boost)  
  118  11:01  Probe x3 (Chrono Boost)  
  113  11:05  Probe (Chrono Boost)  
  116  11:11  Observer  
  116  11:12  Probe x3 (Chrono Boost)  
  116  11:13  Disruptor (Chrono Boost)  
  116  11:15  Stalker x3, Probe (Chrono Boost)  
  116  11:16  Probe x2 (Chrono Boost)  
  116  11:17  Probe (Chrono Boost)  
  129  11:20  Stalker x2  
  129  11:25  Probe  
  135  11:27  Probe x3  
  142  11:32  Disruptor (Chrono Boost)  
  142  11:34  Disruptor (Chrono Boost)  
  142  11:37  Stalker x2  
  150  11:44  Assimilator, Stalker x2  
  150  11:46  Assimilator  
  154  11:47  Stalker  
  154  11:52  Photon Cannon  
  154  11:54  Phoenix  
  156  11:55  Stalker x2  
  156  12:00  Probe  
  156  12:01  Probe x3  
  163  12:06  Stalker x2  
  168  12:12  Dark Shrine  
  168  12:15  Photon Cannon  
  168  12:16  Stalker x2  
  168  12:20  Pylon  
  171  12:28  Stalker x3  
  177  12:34  Disruptor  
  177  12:36  Stalker  
  177  12:37  Stalker  
  182  12:48  Zealot x2  
  166  12:51  Zealot x3  
  150  13:00  Zealot x2  
  130  13:13  Zealot x5  
  130  13:14  Protoss Shields Level 1 (Chrono Boost)  
  140  13:23  Disruptor (Chrono Boost)  
  140  13:24  Observer  
  140  13:26  Stalker x2  
  149  13:29  Observer (Chrono Boost)  
  149  13:31  Shadow Stride (Chrono Boost)  
  149  13:33  Stalker x5  
  159  13:36  Gateway  
  159  13:39  Observer  
  160  13:41  Pylon  
  160  13:44  Nexus  
  160  13:47  Pylon  
  160  13:50  Gateway  
  160  13:55  Zealot x2  
  164  13:56  Zealot x3  
  164  13:59  Observer  
  164  14:00  Shield Battery  
  164  14:01  Shield Battery  
  170  14:02  Observer  
  170  14:05  Observer  
  170  14:06  Zealot x2  
  175  14:15  Stalker x2  
  179  14:21  Probe x2  
  181  14:24  Observer  
  181  14:25  Zealot x3  
  181  14:27  Pylon  
  187  14:41  Photon Cannon  
  187  14:45  Dark Templar x5  
  183  15:04  Protoss Shields Level 2 (Chrono Boost)  
  183  15:06  Photon Cannon  
  175  15:08  Photon Cannon  
  175  15:12  Dark Templar x4  
  175  15:14  Disruptor (Chrono Boost)  
  183  15:15  Disruptor (Chrono Boost)  
  191  15:28  Stalker x4  
  197  15:49  Stalker  
  199  15:56  Stargate  
  199  15:59  Observer  
  199  16:00  Gravitic Boosters (Chrono Boost)  
  199  16:12  Observer  
  199  16:31  Photon Cannon  
  199  16:33  Gateway, Photon Cannon  
  199  16:35  Gateway, Nexus, Photon Cannon  
  199  16:37  Gateway, Shield Battery  
  187  16:40  Gateway  
  187  16:44  Zealot x9  
  193  16:48  Pylon  
  188  17:30  Fleet Beacon  
  188  17:31  Zealot x2  
  188  17:32  Zealot x4  
  188  17:35  Stargate  
  188  17:36  Photon Cannon, Stargate  
  200  17:38  Photon Cannon  
  200  17:39  Photon Cannon  
  200  17:40  Photon Cannon  
  200  17:41  Stargate  
  200  17:42  Shield Battery  
  200  17:44  Assimilator  
  200  17:48  Assimilator  
  200  17:50  Pylon  
  200  17:54  Zealot x3, Protoss Shields Level 3 (Chrono Boost)  
  200  18:05  Oracle (Chrono Boost)  
  199  18:26  Dark Templar  
  188  18:41  Disruptor  
  188  18:47  Stalker x6  
  199  18:57  Disruptor  
  191  19:14  Zealot x5  
  193  19:17  Observer  
  180  19:28  Stalker x6  
  190  19:32  Assimilator  
  190  19:34  Disruptor x2 (Chrono Boost)  
  188  19:41  Stalker x6  
  188  19:43  Zealot  
  154  19:56  Zealot x4, Dark Templar x2  
  149  20:02  Zealot x3  
  149  20:03  Zealot x2  
  149  20:04  Zealot x3  
  156  20:09  Disruptor (Chrono Boost)  
  156  20:11  Zealot x5  
  159  20:14  Observer (Chrono Boost)  
  149  20:25  Zealot x5  
  149  20:26  Zealot x3  
  165  20:29  Observer (Chrono Boost)  
  164  20:38  Observer  
  164  20:39  Stalker x5  
  161  20:52  Zealot x6  
  161  20:53  Zealot x2  
  161  20:54  Observer  
  136  21:07  Stalker x3  
  112  21:14  Observer  
  112  21:16  Zealot x6  
  112  21:17  Zealot x4  
  129  21:33  Nexus  
  129  21:36  Pylon  
  129  21:38  Assimilator  
  129  21:39  Assimilator  
  129  21:43  Disruptor  
  129  21:45  Observer  
  133  21:58  Zealot x6  
  125  22:18  Dark Templar x2  
  125  22:19  Zealot x2  
Tags
 
Add a new tag
Caveats
  • Supply blocks, unpowered buildings, or Contaminate may cause inaccurate times.
  • Supply counts are checked every 10 seconds.